 Dungeon Crawl Stone Soup version 0.21-a0-404-g291f19a (webtiles) character file.

65913 JustTheWorst the Alchemist (level 15, -32/118 HPs)
             Began as a Merfolk Transmuter on Nov 1, 2017.
             Was a Follower of Okawaru.
             Annihilated by Rupert
             ... wielding a +8 triple sword of holy wrath
              (53 damage)
             ... on level 3 of the Lair of Beasts.
             The game lasted 01:06:40 (27596 turns).

JustTheWorst the Alchemist (Merfolk Transmuter)    Turns: 27596, Time: 01:06:41

Health: -32/118    AC: 16    Str: 12    XL:     15   Next: 18%
Magic:  22/30      EV: 25    Int: 14    God:    Okawaru [*.....]
Gold:   422        SH:  0    Dex: 22    Spells: 0/37 levels left

rFire    + . .     SeeInvis .     - Unarmed
rCold    + + .     Gourm    .   (shield currently unavailable)
rNeg     . . .     Faith    .   b - +0 robe
rPois    +         Spirit   .   v - +2 hat
rElec    .         Reflect  .   o - +2 cloak
rCorr    .         Harm     .   (gloves currently unavailable)
MR       +++..                  y - +2 pair of boots
Stlth    ++........             H - amulet "Ojine" {rF+ rC+ Regen+ Int+2}
HPRegen  0.69/turn              V - ring "Bionejulo" {rPois rC+ MR+ Dex+2}
MPRegen  0.22/turn              M - ring of protection from magic

@: icy armour, blade hands, slow
A: change form in water, swift swim, stealthy swim
a: End Transformation, Heroism, Renounce Religion


You were on level 3 of the Lair of Beasts.
You worshipped Okawaru.
Okawaru was aware of your devotion.
You were not hungry.
You had blades for hands.
You visited 4 branches of the dungeon, and saw 21 of its levels.
You also visited: Labyrinth, Ossuary and Ice Cave.

You collected 2593 gold pieces.
You spent 2171 gold pieces at shops.

Inventory:

Missiles
 a - 288 arrows
Armour
 b - a +0 robe (worn)
 m - a +2 pair of gloves (melded)
 o - a +2 cloak (worn)
 v - a +2 hat (worn)
 y - a +2 pair of boots (worn)
Jewellery
 n - an uncursed ring of protection from fire
 u - an uncursed ring of positive energy
 H - the amulet "Ojine" (around neck) {rF+ rC+ Regen+ Int+2}
   (You bought it in a shop on level 11 of the Dungeon)

   [amulet of regeneration]

   It affects your intelligence (+2).
   It protects you from fire.
   It protects you from cold.
   It increases your rate of regeneration.
 M - a ring of protection from magic (right scythe-like blade)
 V - the ring "Bionejulo" (left scythe-like blade) {rPois rC+ MR+ Dex+2}
   (You took it off a minotaur in a labyrinth)

   [ring of protection from magic]

   It affects your dexterity (+2).
   It protects you from cold.
   It protects you from poison.
   It affects your resistance to hostile enchantments.
 X - an uncursed ring of resist corrosion
Wands
 e - a wand of acid (4/15)
 r - a wand of disintegration (19/24)
 A - a wand of digging (5/24)
 L - a wand of disintegration (9/24)
Scrolls
 f - 5 scrolls of immolation
 C - 5 scrolls of recharging
 E - a scroll of magic mapping
 G - 8 scrolls of teleportation
 I - 2 scrolls of fog
 J - 7 scrolls of remove curse
 K - a scroll of holy word
 Q - a scroll of noise {unknown}
 W - a scroll of blinking
Potions
 c - 5 potions of lignification
 g - 2 potions of heal wounds
 i - 2 potions of cancellation
 k - 5 potions of flight
 p - a potion of magic
 q - 9 potions of might
 s - 2 potions of haste
 t - 6 potions of agility
 w - 9 potions of curing
 x - 5 potions of mutation
 B - 5 potions of brilliance
 D - a potion of ambrosia {unknown}
Books
 l - a book of Transfigurations

   Spells                             Type                      Level
   a - Irradiate                      Conjuration/Transmutation    5
   b - Statue Form                    Transmutation/Earth          6
   c - Hydra Form                     Transmutation                6
   d - Dragon Form                    Transmutation                7
 R - Jiorrue's Handbook of Attacks
   (Sif Muna gifted it to you on level 15 of the Dungeon)

   Spells                             Type                      Level
   a - Searing Ray                    Conjuration                  2
   b - Throw Icicle                   Conjuration/Ice              4
   c - Fulminant Prism                Conjuration/Hexes            4
   d - Force Lance                    Conjuration/Translocation    4
   e - Iskenderun's Battlesphere      Conjuration/Charms           5
   f - Irradiate                      Conjuration/Transmutation    5
   g - Orb of Destruction             Conjuration                  7
Comestibles
 d - 6 bread rations
 h - 8 fruits
 j - 10 royal jellies
 z - 12 meat rations
 F - 5 chunks of flesh


   Skills:
 - Level 11.1 Fighting
 - Level 13.6 Dodging
 - Level 12.0 Unarmed Combat
 - Level 11.6 Spellcasting
 - Level 10.1 Charms
 + Level 15.1 Transmutations


You couldn't memorise any spells.
You knew the following spells:

 Your Spells              Type           Power        Failure   Level  Hunger
a - Beastly Appendage     Tmut           ######       4%          1    None
b - Sticks to Snakes      Tmut           ######..     4%          2    None
c - Spider Form           Tmut/Pois      ####......   16%         3    None
d - Ice Form              Ice/Tmut       ####....     28%         4    ###....
e - Blade Hands           Tmut           ######....   12%         5    #####..
f - Ozocubu's Armour      Chrm/Ice       ###.....     26%         3    None
g - Hydra Form            Tmut           ######....   24%         6    ######.
h - Statue Form           Tmut/Erth      ####.....    88%         6    ######.
i - Dragon Form           Tmut           ######....   54%         7    #######


Dungeon Overview and Level Annotations

Branches:
Dungeon (15/15)            Temple (1/1) D:5            Lair (3/6) D:11
  Swamp (0/4) Lair:2          Orc (2/2) D:11            Elf (0/3) Orc:2
 Vaults (0/5) D:14
  Snake: Lair:2-4    Spider: Lair:2-4    Depths: D:15

Altars:
Ashenzari
Cheibriados
Elyvilon
Gozag
Kikubaaqudgha
Makhleb
Nemelex Xobeh
Okawaru
Qazlal
Sif Muna
Trog
Vehumet
Wu Jian
Zin

Shops:
D:6 ![?!   D:8 (   D:11 ?=?%[   Orc:2 **:[(

Portals:
Trove: D:11 (give 21 scrolls of identify)

Annotations:
D:8 1 runed door
Lair:3 exclusion: oklob plant, Rupert


Message History

Rupert hits you but does no damage.
You closely miss Rupert. Your slash misses Rupert.
Rupert is moderately wounded.
Rupert hits you with a triple sword of holy wrath!!
You slice Rupert!!
Rupert is moderately wounded.
You shred Rupert!!!
Rupert is severely wounded.
Rupert closely misses you.
You hit Rupert.
Rupert is severely wounded.
Rupert hits you with a triple sword of holy wrath!!
You hit Rupert but do no damage.
Rupert is severely wounded.
Rupert hits you with a triple sword of holy wrath!!!
* * * LOW HITPOINT WARNING * * *
You slash Rupert!
Rupert is severely wounded.
Rupert hits you with a triple sword of holy wrath!!!
You die...

.....##.....#...
#............#
#.....P.....##
#....#.......#
#....#......#..P ##
##....##.....##.PP
##.###.....##..#####.PP
............@..###.#..?
...........@...........
.......................
..........................
#...#....................
P.#....................#
.....P....P###..P#......# #P
...........# #..P###....##..
.....#....###.#..###........
.....#....# #............P..


You could see Rupert (berserk).

Vanquished Creatures
  Gastronok (Lair:3)
  A frost giant (IceCv)
  An orc warlord (Orc:1)
  A minotaur (Lab)
  2 hydras
  The ghost of HotVapes the Cleaver, a journeyman MiFi of the Shining One (Orc:2)
  The ghost of marcelo90z the Protected, a journeyman HuFi of Wu Jian (D:10)
  4 vault guards (D:14)
  A centaur warrior (D:10)
  3 death yaks (Lair:3)
  5 two-headed ogres
  An orc high priest (Orc:2)
  The ghost of davenfal the Carver, a novice MiBe of Trog (D:7)
  4 unseen horrors
  A glowing orange brain (D:15)
  A wizard (D:14)
  5 orc knights
  4 ugly things
  A wolf spider zombie (D:15)
  2 oklob plants (Lair:1)
  2 deep elf magi (D:14)
  3 orc sorcerers (Orc:2)
  A cyclops (D:12)
  A black mamba (Lair:2)
  2 ice statues (IceCv)
  Psyche (D:12)
  6 spiny frogs
  3 gargoyles
  3 rime drakes
  2 komodo dragons
  2 kobold demonologists
  A yaktaur (D:15)
  9 trolls
  A tengu conjurer (D:14)
  A meliai (shapeshifter) (D:15)
  13 polar bears (IceCv)
  3 hornets
  4 slime creatures
  8 hippogriffs
  A vampire (D:12)
  34 yaks
  A spriggan (D:7)
  A tarantella (shapeshifter) (D:14)
  A wraith (D:14)
  4 wyverns
  2 water elementals (D:12)
  2 humans (D:14)
  3 hungry ghosts
  9 vampire mosquitoes
  4 wargs
  4 acid dragons
  2 hell hounds (D:11)
  12 porcupines
  10 water moccasins
  A hornet zombie (D:11)
  7 ice beasts
  37 orc warriors
  5 sky beasts
  A necrophage (D:10)
  14 ogres
  4 black bears
  4 phantoms
  7 wolves (IceCv)
  4 crocodiles
  8 centaurs
  3 big kobolds (D:10)
  11 bullfrogs
  2 wyvern zombies
  A water moccasin zombie (Ossuary)
  A wyvern skeleton (D:10)
  4 scorpions
  12 killer bees
  7 electric eels
  5 howler monkeys
  9 crimson imps
  A bullfrog zombie (D:12)
  A quasit (D:8)
  A gnoll shaman (D:6)
  Crazy Yiuf (D:2)
  6 hounds
  3 jellies
  7 orc priests
  2 bullfrog skeletons
  Terence (D:3)
  Jessica (D:2)
  2 centaur skeletons
  3 iguanas
  26 orc wizards
  Natasha (twice) (D:3)
  10 worker ants
  A big kobold zombie (Ossuary)
  A hound zombie (D:5)
  A hound skeleton (D:4)
  A mummy (Ossuary)
  A howler monkey skeleton (D:7)
  7 gnolls
  11 adders
  A shadow imp (D:5)
  An ooze (D:1)
  7 adder zombies
  4 worms
  A dart slug (D:4)
  9 leopard geckos
  74 orcs
  2 ball pythons
  11 giant cockroaches
  4 goblins
  8 hobgoblins
  9 jackals
  7 quokkas
  9 bats
  3 frilled lizards
  3 gnoll zombies (Ossuary)
  5 hobgoblin zombies (Ossuary)
  A jackal skeleton (D:6)
  11 kobolds
  5 kobold zombies (Ossuary)
  2 leopard gecko skeletons (D:6)
  2 orc zombies (Ossuary)
  5 rats
  2 plants
620 creatures vanquished.

Vanquished Creatures (collateral kills)
  An orc knight (D:11)
  A troll (D:9)
  2 orc warriors (Orc:1)
  A phantom (D:4)
  A wolf (IceCv)
  A killer bee (D:9)
  A mummy (Ossuary)
  3 orcs
  A bat (D:1)
  A rat (D:1)
13 creatures vanquished.

Vanquished Creatures (others)
  An ice beast (D:13)
  A sky beast (D:13)
  A centaur (D:13)
  An orc wizard (D:13)
  A quokka (D:12)
  11 fungi (Orc:2)
  A plant (D:12)
17 creatures vanquished.

Grand Total: 650 creatures vanquished

Notes
Turn   | Place    | Note
-------+----------+-------------------------------------------
     0 | D:1      | JustTheWorst the Merfolk Transmuter began the quest for the Orb.
     0 | D:1      | Reached XP level 1. HP: 15/15 MP: 3/3
    33 | D:1      | Reached skill level 3 in Transmutations
   381 | D:1      | Reached XP level 2. HP: 18/21 MP: 5/5
   424 | D:1      | Learned a level 2 spell: Sticks to Snakes
   616 | D:1      | Reached skill level 4 in Transmutations
  1063 | D:1      | Reached XP level 3. HP: 18/26 MP: 4/6
  1079 | D:1      | Learned a level 3 spell: Spider Form
  1574 | D:2      | Reached skill level 5 in Transmutations
  1840 | D:2      | Reached XP level 4. HP: 30/32 MP: 7/7
  1962 | D:2      | Noticed Jessica
  1972 | D:2      | Killed Jessica
  1972 | D:2      | Reached skill level 6 in Transmutations
  2398 | D:2      | Found a runed door.
  2503 | D:2      | Noticed Crazy Yiuf
  2508 | D:2      | Killed Crazy Yiuf
  2508 | D:2      | Reached XP level 5. HP: 18/37 MP: 4/8
  2707 | D:3      | Reached skill level 7 in Transmutations
  2921 | D:3      | Noticed Terence
  2933 | D:3      | Killed Terence
  3071 | D:3      | Found a deep blue altar of Sif Muna.
  3072 | D:3      | Noticed Natasha
  3078 | D:3      | Killed Natasha
  3082 | D:3      | Became a worshipper of Sif Muna the Loreminder
  3541 | D:3      | Found a glowing silver altar of Zin.
  3543 | D:3      | Noticed Natasha
  3551 | D:3      | Killed Natasha
  3551 | D:3      | Reached XP level 6. HP: 31/43 MP: 6/11
  3745 | D:4      | Found a snail-covered altar of Cheibriados.
  3797 | D:4      | Reached XP level 7. HP: 39/48 MP: 9/14
  3815 | D:4      | Reached skill level 5 in Spellcasting
  3862 | D:4      | Learned a level 4 spell: Ice Form
  3868 | D:4      | Learned a level 5 spell: Blade Hands
  3895 | D:4      | Found a sand-covered staircase.
  3899 | Ossuary  | Entered an ossuary
  3910 | Ossuary  | Reached * piety under Sif Muna
  5129 | D:4      | Reached skill level 5 in Dodging
  5650 | D:5      | Entered Level 5 of the Dungeon
  6011 | D:5      | Noticed a hippogriff
  6038 | D:5      | Killed a hippogriff
  6038 | D:5      | Reached XP level 8. HP: 23/54 MP: 15/15
  6304 | D:5      | Found a staircase to the Ecumenical Temple.
  6705 | D:6      | Reached skill level 5 in Unarmed Combat
  7375 | D:6      | Reached XP level 9. HP: 59/59 MP: 11/16
  7608 | D:6      | Found a stormy altar of Qazlal.
  7701 | D:6      | Found Xehoytz's Antique Armour Shoppe.
  7703 | D:6      | Found Liequ's Distillery.
  7703 | D:6      | Found Zaogahae's Magic Scroll Shoppe.
  7704 | D:6      | Found Zyllorgh's Distillery.
  7722 | D:6      | Bought a potion of curing for 42 gold pieces
  7722 | D:6      | Bought a potion of curing for 42 gold pieces
  7722 | D:6      | Bought a potion of heal wounds for 70 gold pieces
  7726 | D:6      | Bought a potion of heal wounds for 65 gold pieces
  7732 | D:6      | Bought a potion of curing for 42 gold pieces
  7759 | D:6      | Reached skill level 8 in Transmutations
  7839 | D:6      | Reached skill level 9 in Transmutations
  8357 | D:6      | Found a bloodstained altar of Trog.
  8357 | D:6      | Found an ornate altar of the Wu Jian Council.
  9157 | D:7      | Noticed davenfal's ghost (novice MiBe)
  9174 | D:7      | Killed davenfal's ghost
  9174 | D:7      | Reached XP level 10. HP: 68/79 MP: 11/17
  9623 | D:7      | Reached ** piety under Sif Muna
  9658 | D:7      | Reached skill level 10 in Transmutations
 10425 | D:8      | Found Qutriary's Weapon Shop.
 10669 | D:8      | Noticed a two-headed ogre
 10720 | D:8      | Killed a two-headed ogre
 10720 | D:8      | Reached skill level 11 in Transmutations
 11012 | D:8      | Found a runed door.
 11012 | D:8      | Noticed a centaur warrior
 11013 | D:8      | Noticed a fire dragon
 11014 | D:8      | Noticed a cyclops
 11014 | D:8      | Noticed a frost giant
 11105 | D:9      | Noticed a two-headed ogre
 11125 | D:9      | Killed a two-headed ogre
 11125 | D:9      | Reached *** piety under Sif Muna
 11125 | D:9      | Reached skill level 12 in Transmutations
 11343 | D:9      | Reached skill level 13 in Transmutations
 11620 | D:9      | Reached XP level 11. HP: 72/84 MP: 15/18
 11676 | D:9      | Reached skill level 10 in Dodging
 11731 | D:9      | Noticed a two-headed ogre
 11737 | D:9      | Killed a two-headed ogre
 11919 | D:10     | Entered Level 10 of the Dungeon
 12279 | D:10     | Killed an unseen horror
 12279 | D:10     | Reached skill level 10 in Unarmed Combat
 12468 | D:10     | Found a sparkling altar of Nemelex Xobeh.
 12476 | D:10     | Noticed a two-headed ogre
 12480 | D:10     | Noticed a centaur warrior
 12820 | D:9      | HP: 4/85 [troll (8)]
 13196 | D:9      | Killed an unseen horror
 13608 | D:10     | Reached skill level 14 in Transmutations
 13860 | D:10     | Killed a centaur warrior
 13860 | D:10     | Reached XP level 12. HP: 87/95 MP: 13/19
 14056 | D:10     | Noticed marcelo90z's ghost (journeyman HuFi)
 14235 | D:10     | Killed marcelo90z's ghost
 14356 | D:10     | Killed a two-headed ogre
 14537 | D:10     | Reached **** piety under Sif Muna
 14760 | D:11     | Found a labyrinth entrance.
 14766 | Lab      | Entered a labyrinth
 15111 | Lab      | Noticed a minotaur
 15121 | Lab      | Killed a minotaur
 15123 | Lab      | Got a flickering ivory ring
 15136 | Lab      | Identified the Disquisition on Self-Knowledge
 15149 | Lab      | Identified the ring "Bionejulo" {rPois rC+ MR+ Dex+2} (You took it off a minotaur in a labyrinth)
 15288 | Lab      | Learned a level 3 spell: Ozocubu's Armour
 15349 | D:11     | Found Tealakom's Magic Scroll Boutique.
 15540 | D:11     | Found Oblor's Magic Scroll Shop.
 15587 | D:11     | Noticed an eight-headed hydra
 15607 | D:11     | Killed an eight-headed hydra
 15722 | D:11     | Found Jeafruph's Jewellery Shop.
 16085 | D:11     | Reached skill level 5 in Charms
 16297 | D:11     | Found Ynguret's Food Shoppe.
 16511 | D:11     | Bought the amulet "Ojine" {rF+ rC+ Regen+ Int+2} for 662 gold pieces
 16517 | D:11     | Found a staircase to the Lair.
 16566 | D:11     | Found a staircase to the Orcish Mines.
 16607 | D:11     | Found Osutoer's Armour Shop.
 16878 | D:11     | Found a portal to a secret trove of treasure.
 17032 | D:12     | Noticed Psyche
 17035 | D:12     | Killed Psyche
 17334 | D:12     | Reached ***** piety under Sif Muna
 17334 | D:12     | Received a gift from Sif Muna
 17388 | D:12     | Reached XP level 13. HP: 69/101 MP: 14/20
 17556 | D:12     | Learned a level 6 spell: Hydra Form
 18186 | D:13     | Found a frozen archway.
 18208 | IceCv    | Entered an ice cave
 18235 | IceCv    | Reached skill level 10 in Fighting
 18434 | IceCv    | Noticed a frost giant
 18457 | IceCv    | Killed a frost giant
 20157 | D:14     | Reached skill level 10 in Charms
 20194 | D:14     | Noticed a vault guard
 20196 | D:14     | Noticed a vault guard
 20273 | D:14     | Reached XP level 14. HP: 113/113 MP: 17/23
 20293 | D:14     | Identified Sif Muna's Compendium of Excruciating Boosts (Sif Muna gifted it to you on level 14 of the Dungeon)
 20293 | D:14     | Received a gift from Sif Muna
 20795 | D:14     | Reached skill level 15 in Transmutations
 20870 | D:14     | Found a gate to the Vaults.
 21202 | Orc:1    | Entered Level 1 of the Orcish Mines
 21354 | Orc:2    | Entered Level 2 of the Orcish Mines
 21358 | Orc:2    | Noticed an orc warlord
 21758 | Orc:1    | Killed an orc warlord
 22016 | Orc:2    | Found Pemayczeo's General Store.
 22105 | Orc:2    | Found Joniowipir's Assorted Antiques.
 22118 | Orc:2    | Found a staircase to the Elven Halls.
 22127 | Orc:2    | Noticed HotVapes's ghost (journeyman MiFi)
 22290 | Orc:2    | Killed HotVapes's ghost
 22337 | Orc:2    | Found Wida Laure's Antique Armour Shop.
 22763 | Orc:2    | Found Unasated's Book Boutique.
 23103 | Orc:2    | Found Pyasy's Antique Weapon Boutique.
 24032 | D:11     | Bought a scroll of acquirement for 624 gold pieces
 24040 | D:11     | Bought a scroll of acquirement for 624 gold pieces
 24041 | D:11     | Identified the Incunabulum of Arcane Weapons (You acquired it on level 11 of the Dungeon)
 24057 | D:11     | Learned a level 6 spell: Statue Form
 24144 | D:15     | Entered Level 15 of the Dungeon
 24531 | D:15     | Identified Jiorrue's Handbook of Attacks (Sif Muna gifted it to you on level 15 of the Dungeon)
 24531 | D:15     | Received a gift from Sif Muna
 24761 | Temple   | Entered the Ecumenical Temple
 24796 | Temple   | Fell from the grace of Sif Muna
 24796 | Temple   | Became a worshipper of Warmaster Okawaru
 25125 | D:15     | Reached skill level 10 in Spellcasting
 25437 | Lair:1   | Entered Level 1 of the Lair of Beasts
 25719 | Lair:1   | Reached * piety under Okawaru
 26661 | Lair:2   | Found a staircase to the Swamp.
 26665 | Lair:2   | Reached XP level 15. HP: 116/118 MP: 23/29
 27172 | Lair:3   | Noticed Gastronok
 27187 | Lair:3   | Killed Gastronok
 27438 | Lair:3   | Learned a level 7 spell: Dragon Form
 27473 | Lair:3   | Reached ** piety under Okawaru
 27576 | Lair:3   | Noticed Rupert
 27596 | Lair:3   | Annihilated by Rupert

Vault maps used:
D:1:      dpeg_arrival_simpleton_a, minmay_tripent
D:2:      first_bread, st_stairs_13, uniq_jessica, uniq_crazy_yiuf_cottage
D:3:      zin_statuary, lemuel_round_altar, uniq_terence, uniq_natasha
D:4:      kennysheep_slug_shrine, enter_ossuary_5
D:5:      minmay_temple_entry_hall
D:6:      nicolae_qazlal_style_of_elements, gammafunk_temple_overflow_wave,
          minmay_shop_grid_forest, kennysheep_generic_room_3
D:7:      the_bakery, corexii_leaking_fountain, grunt_ministairs_12,
          supply_closet_lemuel
D:8:      minmay_gate_of_8, serial_shops, shop
D:10:     hangedman_cross_cluster
D:11:     minmay_lair_entry_lava, david_orc_4, serial_shops,
          nicolae_shop_window_shopping, shop_coins, kennysheep_mini,
          nicolae_shop_crystal, nicolae_shop_competitors_out_of_business,
          lab_entry_generic, enter_trove_2
D:12:     serial_bayou, serial_bayou_lagoon_b, serial_bayou_lagoon_a,
          serial_bayou_pond_a, serial_bayou_ford_a, uniq_psyche
D:13:     serial_shops, bzr_firewalk, portal_ice_cave_rime
D:14:     grunt_vaults_entry_fortified
D:15:     gammafunk_enter_depths_forms, minmay_strange_pillars
Temple:   regret_index_temple_sphere_string
Lair:1:   fungi_pond_lemuel, beast_lair_carwin_1, minmay_lair_oklob_chamber
Lair:2:   minmay_swamp_entry_swarm, serial_bayou_pond_c
Lair:3:   minmay_lair_oklob_bushes, lemuel_fruit_fields, uniq_rupert,
          uniq_gastronok, uniq_harold
Orc:2:    grunt_orc_gardens, grunt_orc_garden, grunt_orc_garden,
          grunt_orc_garden, grunt_orc_garden, serial_shops, shop
Lab:      nicolae_lab_dead_adventurers
Ossuary:  ossuary_tomb_2
IceCv:    ice_cave_small_giant

Skill      XL: |  1  2  3  4  5  6  7  8  9 10 11 12 13 14 15 |
---------------+----------------------------------------------+-----
Transmutations | 3 4 5 6 7 9 13 14 15 | 15.1
Spellcasting   | 3 4 5 6 10 11 | 11.6
Dodging        | 7 8 9 11 13 | 13.6
Unarmed Combat | 7 8 10 11 12 | 12.0
Fighting       | 7 9 11 | 11.1
Charms         | 7 10 | 10.1

Action                   |  1- 3 |  4- 6 |  7- 9 | 10-12 | 13-15 || total
-------------------------+-------+-------+-------+-------+-------++-------
Melee: Unarmed           |   122 |   185 |   531 |   565 |   784 ||  2187
       Headbutt          |     1 |       |       |       |       ||     1
       Punch             |       |     1 |     7 |    23 |    27 ||    58
       Tailslap          |       |     1 |       |     6 |     1 ||     8
 Cast: Sticks to Snakes  |     2 |       |    13 |    28 |    17 ||    60
       Beastly Appendage |     2 |       |       |       |       ||     2
       Spider Form       |     1 |    13 |    31 |    16 |     2 ||    63
       Blade Hands       |       |       |     2 |    52 |    70 ||   124
       Ozocubu's Armour  |       |       |       |     1 |    11 ||    12
       Hydra Form        |       |       |       |       |    15 ||    15
       Ice Form          |       |       |       |       |     2 ||     2
 Abil: End Transformatio |       |     1 |     1 |     2 |     4 ||     8
Evoke: Wand              |       |       |       |     3 |       ||     3
  Use: Scroll            |     3 |     7 |     8 |     9 |     8 ||    35
       Potion            |       |       |       |     4 |     2 ||     6
 Stab: Sleeping          |     4 |     2 |     3 |     6 |     3 ||    18
       Distracted        |       |       |       |     1 |     1 ||     2
  Eat: Chunk             |     3 |     8 |    13 |    39 |    26 ||    89
       Bread ration      |       |       |     2 |     3 |     4 ||     9
       Fruit             |       |       |       |     1 |       ||     1
Armor: Robe              |    16 |    40 |    37 |   104 |    54 ||   251
       Skin              |     1 |     3 |     8 |     4 |    55 ||    71
Dodge: Dodged            |    98 |   154 |   421 |   655 |   698 ||  2026

Table legend:
 A = Spawn XP
 B = Non-spawn XP
 C = Spawn XP percentage of total XP
 D = Spawn monster count
 E = Non-spawn monster count
 F = Spawn count percentage of total count
 G = Total turns spent on level
                    A         B        C        D         E        F      G
               +---------+---------+-------+---------+---------+-------+---------
         Total |       0 |   94162 |   0.0 |       0 |     631 |   0.0 | 27596
               +---------+---------+-------+---------+---------+-------+---------
           D:1 |       0 |      47 |   0.0 |       0 |      27 |   0.0 |  1562
           D:2 |       0 |     143 |   0.0 |       0 |      24 |   0.0 |  1137
           D:3 |       0 |     161 |   0.0 |       0 |      17 |   0.0 |   962
           D:4 |       0 |     502 |   0.0 |       0 |      15 |   0.0 |   991
           D:5 |       0 |     610 |   0.0 |       0 |      21 |   0.0 |  1329
           D:6 |       0 |    2097 |   0.0 |       0 |      40 |   0.0 |  1905
           D:7 |       0 |    1714 |   0.0 |       0 |      19 |   0.0 |   966
           D:8 |       0 |    1649 |   0.0 |       0 |      22 |   0.0 |  1354
           D:9 |       0 |    4328 |   0.0 |       0 |      29 |   0.0 |  1492
          D:10 |       0 |   11367 |   0.0 |       0 |      55 |   0.0 |  2440
          D:11 |       0 |    8668 |   0.0 |       0 |      65 |   0.0 |  2196
          D:12 |       0 |    4223 |   0.0 |       0 |      31 |   0.0 |   987
          D:13 |       0 |    6254 |   0.0 |       0 |      33 |   0.0 |  1250
          D:14 |       0 |   11417 |   0.0 |       0 |      35 |   0.0 |  1229
          D:15 |       0 |    4100 |   0.0 |       0 |      15 |   0.0 |   733
        Lair:1 |       0 |    3810 |   0.0 |       0 |      18 |   0.0 |  1025
        Lair:2 |       0 |    2048 |   0.0 |       0 |      10 |   0.0 |   563
        Lair:3 |       0 |    5917 |   0.0 |       0 |       9 |   0.0 |   449
         Orc:1 |       0 |    5365 |   0.0 |       0 |      32 |   0.0 |  1164
         Orc:2 |       0 |    8839 |   0.0 |       0 |      52 |   0.0 |  1232
           Lab |       0 |     996 |   0.0 |       0 |       1 |   0.0 |   551
       Ossuary |       0 |     190 |   0.0 |       0 |      25 |   0.0 |  1114
         IceCv |       0 |    9717 |   0.0 |       0 |      36 |   0.0 |   904
               +---------+---------+-------+---------+---------+-------+---------
